 Dungeon Crawl Stone Soup version 0.32-a0-961-gd60f5e5fc7 (webtiles) character file.

Game seed: 1404221433844675185

67234 jasper the Warrior (level 14, -4/146 HPs)
             Began as a Mountain Dwarf Fighter on Apr 17, 2024.
             Was a High Priest of Trog.
             Slain by a sixfirhy (5 damage)
             ... summoned by an orc high priest
             ... on level 2 of the Orcish Mines.
             The game lasted 00:31:02 (21478 turns).

jasper the Warrior (Mountain Dwarf Fighter)        Turns: 21478, Time: 00:31:02

Health: -4/146     AC: 16    Str: 22    XL:     14   Next: 82%
Magic:  0/14       EV: 11    Int:  9    God:    Trog [*****.]
Gold:   1884       SH:  0    Dex: 11    Spells: 13/13 levels left

rFire   . . .        Q - +0 battleaxe
rCold   + . .        (shield currently unavailable)
rNeg    . . .        r - +1 plate armour {rC+}
rPois   +            h - +2 hat
rElec   .            (no cloak)
rCorr   .            (no gloves)
SInv    .            O - +0 pair of boots
Will    +++..        q - amulet of guardian spirit Stlth
                     j - ring of poison resistance
HPRegen 1.44/turn    A - +5 ring of evasion
MPRegen 0.14/turn

%: guardian spirit
@: about to teleport, strong-willed, corroded, regenerating
A: runic magic, artefact enchanting
a: Renounce Religion, Berserk, Trog's Hand, Brothers in Arms


You were on level 2 of the Orcish Mines.
You worshipped Trog.
Trog was extremely pleased with you.
You visited 3 branches of the dungeon, and saw 19 of its levels.
You also visited: Ice Cave.

You collected 1974 gold pieces.
You spent 90 gold pieces at shops.

Inventory:

Hand Weapons
 a - a +0 war axe
 o - a +0 morningstar
 Q - a +0 battleaxe (weapon)
Missiles
 g - 10 atropa-tipped darts
 i - 135 stones (quivered)
 m - 34 poisoned darts
 p - 8 datura-tipped darts
 t - 21 boomerangs
 H - a curare-tipped dart
Armour
 h - a +2 hat (worn)
 r - a +1 plate armour of cold resistance (worn)
 O - a +0 pair of boots (worn)
Jewellery
 j - a ring of poison resistance (left hand)
 q - an amulet of guardian spirit (around neck)
 A - a +5 ring of evasion (right hand)
 P - a ring of willpower
Wands
 d - a wand of warping (21)
 y - a wand of flame (46)
 B - a wand of mindburst (5)
Scrolls
 e - 5 scrolls of teleportation
 k - 2 scrolls of enchant armour
 E - 4 scrolls of revelation
 G - 3 scrolls of poison
 N - 2 scrolls of identify
Potions
 f - a potion of enlightenment
 s - 3 potions of brilliance
 v - a potion of cancellation
 w - 3 potions of might
 x - a potion of berserk rage
 z - 2 potions of lignification
 D - 6 potions of attraction
 F - a potion of ambrosia
 K - a potion of haste
Miscellaneous
 M - a condenser vane (inert)


   Skills:
 - Level 19.0 Fighting
 + Level 18.8 Axes
 - Level 14.0 Armour
 - Level 3.2 Shields


You had 13 spell levels left.
You didn't know any spells.
Your spell library was empty.

Dungeon Overview and Level Annotations

Branches:
Dungeon (12/15)            Temple (0/1) D:7            Lair (5/5) D:11
 Shoals (0/4) Lair:2       Spider (0/4) Lair:2        Slime (0/5) Lair:4
    Orc (2/2) D:10            Elf (0/3) Orc:2         IceCv (visited)

Altars:
Ashenzari
Cheibriados
Dithmenos
Fedhas
Gozag
Hepliaklqana
Okawaru
Ru
Sif Muna
Trog
Yredelemnul
Zin
The Shining One
Jiyva

Shops:
D:7 =   Orc:1 :

Annotations:
D:6 2 transporters, ForkInBrain's ghost, novice DENe


Innate Abilities, Weirdness & Mutations

Your spellcasting is much less encumbered by armour.
You can use scrolls of enchantment on lesser artefacts.


Message History

The smoke demon gestures at you. Beogh smites you! The sixfirhy hits you!
The sixfirhy shocks you!
You take 29 damage, and have 51/146 hp.
You now have 8/14 mp.
You completely miss the orc priest. You slice the orc warrior!!
You hit the sixfirhy but do no damage.
The sixfirhy hits you but does no damage. x2
The orc priest closely misses you. The orc sorcerer casts a spell at you.
The bolt of negative energy misses the sixfirhy.
The bolt of negative energy misses you. The sixfirhy hits you.
The sixfirhy shocks you!
* * * LOW HITPOINT WARNING * * *
The orc warrior hits you but does no damage.
Something hits you.
* * * LOW HITPOINT WARNING * * *
You take 18 damage, and have 33/146 hp.
You now have 5/14 mp.
As you read the scroll of teleportation, it crumbles to dust.
You feel strangely unstable.
The orc priest miscasts a cantrip.
The orc high priest hits you but does no damage.
The orc warrior hits you but does no damage.
The smoke demon gestures at you. Beogh smites you!
* * * LOW HITPOINT WARNING * * *
The red devil hits you but does no damage.
You take 11 damage, and have 22/146 hp.
You now have 3/14 mp.
Okay, then.
The orc high priest calls down the wrath of Beogh upon you.
Beogh smites you!
* * * LOW HITPOINT WARNING * * *
The smoke demon is engulfed in blazing flames.
You take 13 damage, and have 9/146 hp.
You now have 1/14 mp.
Okay, then.
Okay, then.
Okay, then.
The orc priest mumbles some strange prayers to Beogh against you.
Beogh smites you!
* * * LOW HITPOINT WARNING * * *
The sixfirhy hits you.
You die...

...........#......# ###
### ##..........#....##
#..
##..##..............###
####.
.#...................#
#.###
.................>..##
###...
.....................#
##.....
.............#....#.##
#......
.............#####...#
#...<..
............##.@.#####
###....
...........##..3.oo##
#....
..........##....)÷.o#
##...
..........#..).##).÷..#
##.#
.......))##...####4o..#
### .......))#.)..#
o÷...# .......)))...##
o.÷÷.÷# ......))))...#
.3....# .............#
.§....#


You could see 2 orc high priests, a sixfirhy (summoned), a smoke demon
(summoned), an orc sorcerer (strong), a red devil (summoned), an orc warrior
(strong) and an orc priest (strong).

Vanquished Creatures
  Josephine (Lair:4)
  5 hydras
  2 catoblepae (Lair:5)
  3 boulder beetles
  A centaur warrior (D:11)
  3 two-headed ogres
  2 orc high priests (Orc:1)
  3 death yaks (Lair:2)
  Urug (Orc:2)
  An occultist (D:12)
  2 skysharks
  A pharaoh ant (Lair:2)
  A bog body (IceCv)
  A necromancer (IceCv)
  2 lindwurms (Lair:5)
  5 orc knights
  An obsidian bat (Orc:1)
  4 orc sorcerers
  2 manticores (Lair:5)
  2 kobold blastminers (Orc:2)
  7 black mambas
  7 elephants
  A water nymph (Lair:2)
  2 ice statues (IceCv)
  A gargoyle (D:11)
  2 torpor snails (Lair:5)
  13 cane toads
  5 rime drakes
  An unseen horror (D:10)
  Jeremiah (D:9)
  5 komodo dragons
  3 anaconda simulacra (IceCv)
  9 ice devils
  5 polar bears
  5 trolls
  A hornet (D:8)
  Grinder (D:6)
  A jumping spider (Lair:2)
  18 blink frogs
  7 dream sheep (Lair:3)
  2 dire elephant simulacra (IceCv)
  8 wraiths
  2 basilisks
  6 wyverns
  51 yaks
  2 steam dragons
  3 wargs (Orc:1)
  2 harpy simulacra (IceCv)
  11 water moccasins
  Duvessa (D:4)
  3 hydra simulacra (IceCv)
  An acid dragon (D:9)
  3 ice beasts
  2 black bears
  23 orc warriors
  9 wolves
  3 ogres
  5 centaurs
  A phantom (D:4)
  11 bullfrogs
  3 kobold brigands
  A two-headed ogre simulacrum (IceCv)
  A gnoll sergeant (D:10)
  3 scorpions
  12 wights
  Dowan (D:4)
  6 killer bees (D:11)
  8 howler monkeys
  3 electric eels
  3 bombardier beetles
  7 hounds
  17 orc priests
  3 jellies
  3 gnoll boudas
  4 iguanas
  6 hell rats (Lair:3)
  3 sleepcaps
  26 orc wizards
  A spriggan simulacrum (IceCv)
  2 wolf simulacra (IceCv)
  9 gnolls
  A naga simulacrum (IceCv)
  7 adders
  A shadow imp (D:7)
  2 white imps (D:6)
  2 ufetubi (D:7)
  2 ribbon worms
  2 dart slugs
  80 orcs
  2 endoplasms (D:1)
  2 giant cockroaches (D:3)
  6 goblins
  7 hobgoblins
  2 jackals (D:3)
  21 kobolds
  8 quokkas
  8 ball pythons
  5 bats
  3 frilled lizards
  5 rats
575 creatures vanquished.

Vanquished Creatures (collateral kills)
  An orc warlord (Orc:1)
  A basilisk (Lair:5)
2 creatures vanquished.

Vanquished Creatures (others)
  An orc wizard (D:4)
1 creature vanquished.

Grand Total: 578 creatures vanquished

Notes
Turn   | Place    | Note
-------+----------+-------------------------------------------
     0 | D:1      | jasper the Mountain Dwarf Fighter began the quest for the
                  | Orb.
     0 | D:1      | Reached XP level 1. HP: 19/19 MP: 1/1
   136 | D:1      | Reached XP level 2. HP: 19/26 MP: 2/2
   670 | D:1      | Found a faded altar of an unknown god.
   677 | D:1      | Prayed at the altar of an unknown god.
   677 | D:1      | Became a worshipper of Trog the Wrathful
   677 | D:1      | Reached * piety under Trog
   836 | D:2      | Reached XP level 3. HP: 31/31 MP: 3/3
  1048 | D:2      | Reached skill level 5 in Axes
  1567 | D:3      | Reached XP level 4. HP: 33/38 MP: 4/4
  1723 | D:3      | Reached XP level 5. HP: 40/45 MP: 5/5
  1781 | D:3      | Reached ** piety under Trog
  1883 | D:3      | Found a sacrificial altar of Ru.
  2374 | D:4      | Noticed a phantom
  2408 | D:4      | Killed a phantom
  2409 | D:4      | Reached XP level 6. HP: 38/51 MP: 4/6
  2532 | D:4      | Noticed Dowan
  2537 | D:4      | Noticed Duvessa
  2600 | D:4      | Killed Duvessa
  2601 | D:4      | Reached XP level 7. HP: 42/57 MP: 0/7
  2608 | D:4      | Killed Dowan
  3203 | D:5      | Entered Level 5 of the Dungeon
  3214 | D:5      | Reached skill level 10 in Axes
  3248 | D:5      | Found Zin's Purification Station.
  3251 | D:5      | Found a glowing silver altar of Zin.
  3254 | D:5      | Bought a potion of curing for 90 gold pieces
  3410 | D:5      | Found a shimmering blue altar of Sif Muna.
  3472 | D:5      | Noticed a yak
  3492 | D:5      | Killed a yak
  3493 | D:5      | Reached XP level 8. HP: 63/63 MP: 4/8
  4216 | D:6      | Found a blossoming altar of Fedhas.
  4554 | D:6      | Noticed Grinder
  4559 | D:6      | Killed Grinder
  4575 | D:6      | Reached XP level 9. HP: 70/70 MP: 7/9
  4587 | D:6      | Reached *** piety under Trog
  4606 | D:6      | Reached skill level 15 in Axes
  5016 | D:6      | Found a transporter.
  5016 | D:6      | Noticed ForkInBrain's ghost (novice DENe)
  5116 | D:6      | Found a transporter.
  5148 | D:6      | Found an opulent altar of Gozag.
  5397 | D:7      | Found an iron altar of Okawaru.
  5550 | D:7      | Found a staircase to the Ecumenical Temple.
  5572 | D:7      | Found Bijett's One-of-a-Kind Rings.
  5728 | D:7      | Reached skill level 4 in Fighting
  5765 | D:7      | Found a glowing golden altar of the Shining One.
  5922 | D:7      | Noticed a troll
  5934 | D:7      | Killed a troll
  6058 | D:8      | Found a broken altar of Ashenzari.
  6101 | D:8      | Reached skill level 5 in Fighting
  6148 | D:8      | Reached XP level 10. HP: 73/81 MP: 6/10
  6205 | D:8      | Reached skill level 6 in Fighting
  6281 | D:8      | Found a hazy altar of Hepliaklqana.
  6355 | D:8      | Found a basalt altar of Yredelemnul.
  6375 | D:8      | Reached skill level 5 in Armour
  6567 | D:8      | Found a shadowy altar of Dithmenos.
  6809 | D:9      | Noticed a two-headed ogre
  6828 | D:9      | Killed a two-headed ogre
  6829 | D:9      | Reached skill level 7 in Fighting
  6844 | D:9      | Reached skill level 8 in Fighting
  7234 | D:9      | Reached skill level 9 in Fighting
  7405 | D:9      | Noticed Jeremiah
  7422 | D:9      | Killed Jeremiah
  7630 | D:9      | Found a snail-covered altar of Cheibriados.
  7667 | D:10     | Entered Level 10 of the Dungeon
  7757 | D:10     | Reached **** piety under Trog
  7972 | D:10     | Found a staircase to the Orcish Mines.
  7990 | D:10     | Reached XP level 11. HP: 60/95 MP: 8/11
  8007 | D:10     | Reached skill level 10 in Fighting
  8645 | D:11     | Noticed a boulder beetle
  8697 | D:11     | Killed a boulder beetle
  8857 | D:11     | Reached skill level 11 in Fighting
  8959 | D:11     | Noticed a boulder beetle
  8994 | D:12     | Noticed a two-headed ogre
  9266 | D:11     | Noticed a centaur warrior
  9283 | D:11     | Killed a centaur warrior
  9294 | D:11     | HP: 5/104 [cyclops/large rock (35)]
  9298 | D:11     | Noticed a brown ugly thing
  9320 | D:12     | Noticed a boulder beetle
  9399 | D:12     | Noticed an occultist
  9399 | D:12     | Noticed a deep elf zephyrmancer
  9400 | D:12     | Noticed a deep elf zephyrmancer
  9416 | D:12     | Killed an occultist
  9417 | D:12     | Reached skill level 12 in Fighting
  9609 | D:12     | Killed a two-headed ogre
  9621 | D:12     | Killed a boulder beetle
  9759 | D:12     | Noticed a red ugly thing
 10038 | D:11     | Found a staircase to the Lair.
 10048 | Lair:1   | Entered Level 1 of the Lair of Beasts
 10528 | Lair:1   | Reached skill level 13 in Fighting
 10613 | Lair:1   | Reached XP level 12. HP: 73/115 MP: 8/12
 11123 | Lair:2   | Found a hole to the Spider Nest.
 11123 | Lair:2   | Noticed a death yak
 11135 | Lair:2   | Noticed a death yak
 11141 | Lair:2   | Killed a death yak
 11142 | Lair:2   | Reached skill level 10 in Armour
 11149 | Lair:2   | Noticed a death yak
 11151 | Lair:2   | Killed a death yak
 11162 | Lair:2   | Killed a death yak
 11252 | Lair:2   | Reached skill level 14 in Fighting
 11774 | Lair:2   | Noticed a boulder beetle
 11818 | Lair:2   | Killed a boulder beetle
 12177 | Lair:2   | Found a staircase to the Shoals.
 12466 | Lair:2   | Reached skill level 15 in Fighting
 13206 | Lair:3   | Noticed a seven-headed hydra
 13223 | Lair:3   | Killed a seven-headed hydra
 13362 | Lair:3   | Reached XP level 13. HP: 84/128 MP: 8/13
 13474 | Lair:3   | Reached skill level 16 in Fighting
 14776 | Lair:4   | Noticed Josephine
 14919 | Lair:4   | Killed Josephine
 14923 | Lair:4   | Reached skill level 17 in Fighting
 15751 | Lair:4   | Found a viscous altar of Jiyva.
 15753 | Lair:4   | Found a staircase to the Slime Pits.
 15876 | Lair:5   | Entered Level 5 of the Lair of Beasts
 16681 | Lair:5   | Reached skill level 18 in Fighting
 17462 | Lair:5   | Reached XP level 14. HP: 54/144 MP: 8/14
 17463 | Lair:5   | Identified the +2 leather armour of Dithmenos's Esteem
                  | {^Contam rC+ Regen+ Str+2}
 18369 | Lair:5   | Identified the +9 longbow of Assecro {freeze, rElec rC+
                  | Stlth+}
 18820 | Orc:1    | Entered Level 1 of the Orcish Mines
 18825 | Orc:1    | Found a bloodstained altar of Trog.
 18931 | Orc:1    | Found a frozen archway.
 18954 | Orc:1    | Reached skill level 19 in Fighting
 18979 | IceCv    | Entered an ice cave
 19659 | IceCv    | Reached ***** piety under Trog
 20267 | Orc:1    | Found Ekkaazexi's Book Emporium.
 20533 | Orc:1    | Noticed an orc warlord
 20597 | Orc:1    | Killed an orc warlord
 21114 | Orc:2    | Entered Level 2 of the Orcish Mines
 21114 | Orc:2    | Noticed Urug
 21129 | Orc:2    | Killed Urug
 21339 | Orc:2    | Found a staircase to the Elven Halls.
 21478 | Orc:2    | HP: 1/146 [orc priest/divine providence (9)]
 21478 | Orc:2    | Slain by a sixfirhy

Illustrated notes

Levels and vault maps discovered:
D:1:      dpeg_arrival_tiny_a, layout_basic, dilly_ecumenical_altar_fadedgnrine
D:2:      layout_loops_ring, feat_on_display
D:3:      layout_rooms, nicolae_ru_awakened_eye
D:4:      layout_basic, hellmonk_no_cap, uniq_duvessa
D:5:      layout_loops_ring, mainiacjoe_overflow_brackets, zin_purify,
          minmay_chambers_of_fives
D:6:      layout_loops_cross, fedhas_bush_and_centaur_altar,
          mainiacjoe_overflow_six_doors_small, gammafunk_ghost_arena,
          uniq_grinder
D:7:      layout_basic, nicolae_overflow_crystal_walls, kennysheep_mini_moat,
          minmay_temple_entry_statues_pillars, nicolae_shop_unique_rings
D:8:      layout_basic, mainiacjoe_overflow_surrounded_room, lemuel_tele_altar,
          overflow_temple_1_default, nicolae_ashenzari_skybound
D:9:      layout_rooms, lemuel_doored_altar, uniq_jeremiah
D:10:     layout_roguey, david_orc_3
D:11:     minmay_razor_zed, layout_basic, lair_entry_dummy
D:12:     layout_roguey, serial_corexii_hall, corexii_hall_statues_deadend,
          chequers_hall_statues_corner_a, bh_hangedman_babel_library
Lair:1:   layout_misc_corridors, serial_bayou_shore_a, infiniplex_staircase_pool
Lair:2:   layout_loops_ring, nicolae_shoals_entry_flooding,
          nicolae_spider_entry_lesser_pyramids, nicolae_volcano_entry_s_turn,
          guppyfry_lair_drakes
Lair:3:   statuecave_lemuel, layout_regular_city, grunt_megastairs_1
Lair:4:   layout_roguey, dpeg_slime_entry_corner, uniq_josephine
Lair:5:   hangedman_lair_in_review, layout_long_grid, st_stairs_6
Orc:1:    layout_caves, portal_ice_cave_demonic_guard, basic_altar,
          guppyfry_orc_lava_fort
Orc:2:    grunt_orc_tribal_feast, layout_diamond_mine, serial_shops,
          nicolae_shop_pleasant_corner_grove, uniq_urug

Skill      XL: |  1  2  3  4  5  6  7  8  9 10 11 12 13 14 |
---------------+-------------------------------------------+-----
Axes           | 3 4 5 6 7 9 11 14 16 18 | 18.8
Fighting       | 5 9 13 15 18 19 | 19.0
Armour         | 4 7 9 11 13 14 | 14.0
Shields        | |  3.2

Action                     |  1- 3 |  4- 6 |  7- 9 | 10-12 | 13-15 || total
---------------------------+-------+-------+-------+-------+-------++-------
  Melee: War axe           |    97 |   172 |   354 |   827 |   489 ||  1939
         Whip              |       |       |       |     6 |    44 ||    50
         Battleaxe         |       |       |       |       |   343 ||   343
  Throw: Stone             |     2 |     2 |     3 |       |     3 ||    10
         Dart              |     1 |       |       |       |       ||     1
         Throwing net      |       |       |       |     1 |       ||     1
 Invoke: Trog's Hand       |       |     3 |     5 |    17 |    16 ||    41
         Berserk           |       |     1 |     3 |    10 |     8 ||    22
         Brothers in Arms  |       |       |       |       |     2 ||     2
  Evoke: Wand              |       |       |       |    29 |    13 ||    42
         Condenser vane    |       |       |       |       |     1 ||     1
    Use: Scroll            |     6 |     1 |     5 |    11 |     6 ||    29
         Potion            |       |     4 |       |     2 |       ||     6
   Stab: Invisible         |       |       |       |     5 |     1 ||     6
         Petrified         |       |       |       |       |     8 ||     8
 Armour: Scale mail        |    57 |       |       |       |       ||    57
         Plate armour      |    55 |   165 |   301 |   626 |   808 ||  1955
         Skin              |       |    15 |     6 |       |       ||    21
  Dodge: Dodged            |    34 |    43 |    90 |   317 |   446 ||   930
  Block: Buckler           |    16 |    43 |    88 |   165 |   161 ||   473

Table legend: (Time is in decaauts)
 A = Elapsed time spent in this place.
 B = Non-inter-level travel time spent in this place.
 C = Inter-level travel time spent in this place.
 D = Time resting spent in this place.
 E = Time spent auto-exploring this place.
 F = Levels seen in this place.
 G = Mean time per level.
                   A        B        C        D        E       F      G
               +--------+--------+--------+--------+--------+-----+--------+
         Total |  21332 |  20648 |    684 |   2023 |  14235 |  20 | 1066.6 |
       Dungeon |  10181 |   9740 |    441 |   1075 |   6339 |  12 |  848.4 |
          Lair |   8539 |   8305 |    234 |    860 |   6049 |   5 | 1707.8 |
  Orcish Mines |   1398 |   1390 |      8 |     27 |    938 |   2 |  699.0 |
      Ice Cave |   1213 |   1213 |      0 |     60 |    908 |   1 | 1213.0 |
               +--------+--------+--------+--------+--------+-----+--------+

Top non-repeatable levels by time:
  Lair:5: 2515 daAuts
  Lair:4: 1841 daAuts
  Lair:2: 1769 daAuts
  Lair:3: 1405 daAuts
     D:6: 1232 daAuts
    D:10: 1228 daAuts
   IceCv: 1213 daAuts
     D:4: 1121 daAuts
   Orc:1: 1050 daAuts
  Lair:1: 1008 daAuts
     D:9: 888 daAuts
     D:5: 844 daAuts
     D:2: 818 daAuts
     D:1: 779 daAuts
     D:8: 765 daAuts
